 Dungeon Crawl Stone Soup version 0.30.1-11-g7821555f0a (webtiles) character file.

Game seed: 2402204159515571682

19972 lonewolfV2 the Warmonger (level 13, -1/104 HPs)
             Began as a Formicid Fighter on Nov 15, 2023.
             Was a High Priest of Okawaru.
             Slain by a seven-headed hydra (12 damage)
             ... on level 13 of the Dungeon.
             The game lasted 00:23:42 (16664 turns).

lonewolfV2 the Warmonger (Formicid Fighter)        Turns: 16664, Time: 00:23:43

Health: -1/104     AC: 29    Str: 25    XL:     13   Next: 8%
Magic:  22/22      EV: 10    Int:  7    God:    Okawaru [*****.]
Gold:   866        SH:  9    Dex: 15    Spells: 12/12 levels left

rFire   . . .        y - +1 morningstar
rCold   . . .        n - +1 buckler {AC+3}
rNeg    . . .        F - +0 plate armour
rPois   .            (helmet unavailable)
rElec   .            j - +0 cloak
rCorr   .            L - +2 pair of gloves {hurl}
SInv    +            h - +2 pair of boots {Fly}
Will    ++...        G - amulet of the acrobat Stlth
                     b - ring of willpower
HPRegen 0.37/turn    (no ring)
MPRegen 0.18/turn

%: acrobat
@: heroic, flying
A: permanent stasis, dig shafts and tunnels, antennae 3, four strong arms
a: Dig, Shaft Self, Renounce Religion, Heroism, Finesse, Duel


You were on level 13 of the Dungeon.
You worshipped Okawaru.
Okawaru was extremely pleased with you.
You visited 1 branch of the dungeon, and saw 13 of its levels.
You also visited: Bailey.

You collected 1026 gold pieces.
You spent 160 gold pieces at shops.

Inventory:

Hand Weapons
 a - a +2 war axe of protection
 y - a +1 morningstar (weapon)
 E - a +0 battleaxe
Missiles
 c - 2 atropa-tipped darts
 B - a silver javelin
Armour
 h - a +2 pair of boots of flying (worn)
 j - a +0 cloak (worn)
 n - a +1 buckler of protection (worn)
 F - a +0 plate armour (worn)
 H - the scarf of the Hall of Blades {+Inv, Stlth+}
   (Okawaru gifted it to you on level 9 of the Dungeon)

   Stlth:     It makes you more stealthy.
 L - a +2 pair of gloves of hurling (worn)
Jewellery
 b - a ring of willpower (left hand)
 e - an amulet of regeneration
 o - an amulet of magic regeneration
 G - an amulet of the acrobat (around neck)
Wands
 m - a wand of digging (5)
 q - a wand of polymorph (24)
 r - a wand of roots (6)
 D - a wand of flame (11)
 K - a wand of paralysis (8)
Scrolls
 l - a scroll of amnesia
 p - a scroll of fear
 x - a scroll of identify
Potions
 d - 2 potions of might
 f - 2 potions of cancellation
 g - a potion of ambrosia
 k - a potion of resistance
 s - 3 potions of lignification
 t - 5 potions of mutation
 u - 3 potions of degeneration
 v - 6 potions of flight
 w - 2 potions of attraction
 z - 3 potions of magic
 C - a potion of berserk rage
 I - 3 potions of brilliance
 J - 3 potions of curing
Miscellaneous
 A - a piece from Xom's chessboard (15/15)


   Skills:
 - Level 10.3(15.3) Fighting
 * Level 10.1(15.1) Axes
 - Level 10.7(15.7) Armour
 - Level 11.3(16.3) Shields
 - Level 12.5 Invocations


You had 12 spell levels left.
You didn't know any spells.
Your spell library contained the following spells:

 Spells                   Type           Power      Damage    Failure   Level
 Poisonous Vapours        Pois/Air       0%         N/A       99%         2
 Ignite Poison            Fire/Tmut/Pois 0%         N/A       100%        3
 Mephitic Cloud           Conj/Pois/Air  0%         N/A       100%        3
 Ozocubu's Armour         Ice            0%         N/A       100%        3
 Olgreb's Toxic Radiance  Pois           0%         N/A       100%        4
 Sticky Flame             Conj/Fire      0%         2d3       100%        4
 Freezing Cloud           Conj/Ice/Air   0%         6-21      100%        5
 Metabolic Englaciation   Hex/Ice        0%         N/A       100%        5
 Ozocubu's Refrigeration  Ice            0%         4d7       100%        7
 Discord                  Hex            0%         N/A       100%        8
 Ignition                 Fire           0%         3d3       100%        8
 Simulacrum               Ice/Necr       Unusable   N/A       N/A         6

Dungeon Overview and Level Annotations

Branches:
Dungeon (13/15)            Temple (0/1) D:7            Lair (0/5) D:10
    Orc (0/2) D:9          Bailey (visited)
 Vaults: D:13-14

Altars:
Ashenzari
Dithmenos
Hepliaklqana
Nemelex Xobeh
Okawaru
Ru
Sif Muna
Trog
Vehumet
Wu Jian
Xom

Shops:
D:6 :   D:12 *?(!

Portals:
Trove: D:12 (show slimy rune of Zot)

Annotations:
D:8 3 runed translucent doors, turdburglar's ghost, novice DrIE


Innate Abilities, Weirdness & Mutations

You cannot be hasted, slowed, berserked, paralysed or teleported.
You can dig through walls and to a lower floor.
You have a pair of large antennae on your head. (SInv)
Your four strong arms can wield two-handed weapons with a shield.


Message History

The seven-headed hydra barely misses you.
The seven-headed hydra bites you but does no damage. x2
The seven-headed hydra bites you.
You block the seven-headed hydra's attack.
The seven-headed hydra bites you!
You gain the combat prowess of a mighty hero.
The seven-headed hydra bites you but does no damage.
The seven-headed hydra closely misses you.
The seven-headed hydra bites you but does no damage. x4
The seven-headed hydra barely misses you.
You puncture the seven-headed hydra!
The seven-headed hydra is almost dead.
The seven-headed hydra bites you!
* * * LOW HITPOINT WARNING * * *
The seven-headed hydra bites you but does no damage. x2
You block the seven-headed hydra's attack.
The seven-headed hydra bites you!
* * * LOW HITPOINT WARNING * * *
The seven-headed hydra closely misses you.
The seven-headed hydra bites you but does no damage.
You sock the seven-headed hydra!
The seven-headed hydra is almost dead.
You block the seven-headed hydra's attack.
The seven-headed hydra bites you but does no damage.
The seven-headed hydra bites you!
* * * LOW HITPOINT WARNING * * *
The seven-headed hydra misses you. The seven-headed hydra bites you!
* * * LOW HITPOINT WARNING * * *
The seven-headed hydra bites you but does no damage. x2
You are confused.
You feel invigorated.
The seven-headed hydra bites you but does no damage.
The seven-headed hydra closely misses you.
The seven-headed hydra bites you but does no damage. x2
The seven-headed hydra closely misses you.
The seven-headed hydra bites you but does no damage. x2
You feel better.
You feel less invigorated. The seven-headed hydra bites you.
* * * LOW HITPOINT WARNING * * *
The seven-headed hydra bites you!
You die...

#............
#............
#....<.......
#....#++##...
#....# . #....#
. #....# ...
#..†.#####.....
#.....@DyT.....
#[########.....
#. ... #. . {


You could see a seven-headed hydra, a deep troll and a meliai shaped shifter.

Vanquished Creatures
  A catoblepas (D:10)
  Erica (D:9)
  4 two-headed ogres
  A manticore (D:10)
  5 cyclopes
  A gargoyle (D:11)
  An unseen horror (shapeshifter) (D:13)
  An unseen horror (D:12)
  2 kobold demonologists (D:12)
  4 trolls
  3 hornets
  Prince Ribbit (D:8)
  Grinder (D:3)
  3 shadows
  4 wyverns
  12 yaks
  2 wraiths
  2 steam dragons
  3 acid dragons
  17 vampire mosquitoes
  2 water moccasins
  10 orc warriors
  A sky beast (D:8)
  2 black bears
  4 ice beasts
  3 centaurs
  A wolf (D:8)
  3 kobold brigands
  2 bullfrogs
  A gnoll sergeant (D:10)
  2 scorpions (D:6)
  19 wights
  14 killer bees
  5 electric eels
  5 howler monkeys
  A jelly (D:7)
  A gnoll bouda (D:8)
  6 hounds
  An orc priest (D:5)
  3 iguanas
  3 orc wizards
  A centaur simulacrum (D:8)
  A killer bee simulacrum (D:8)
  6 adders
  14 gnolls
  9 white imps
  A howler monkey simulacrum (D:8)
  3 worms
  3 dart slugs
  18 orcs
  8 bats
  4 endoplasms
  3 giant cockroaches
  12 goblins
  7 hobgoblins
  4 jackals (D:4)
  2 quokkas
  2 ball pythons
  4 frilled lizards
  34 kobolds
  7 rats
301 creatures vanquished.

Vanquished Creatures (others)
  A white imp (D:8)
  A goblin (D:1)
2 creatures vanquished.

Grand Total: 303 creatures vanquished

Notes
Turn   | Place    | Note
-------+----------+-------------------------------------------
     0 | D:1      | lonewolfV2 the Formicid Fighter began the quest for the
                  | Orb.
     0 | D:1      | Reached XP level 1. HP: 18/18 MP: 1/1
    71 | D:1      | Reached XP level 2. HP: 18/24 MP: 2/2
   357 | D:1      | Reached XP level 3. HP: 29/30 MP: 3/3
   499 | D:2      | Found a faded altar of an unknown god.
   535 | D:2      | Prayed at the altar of an unknown god.
   535 | D:2      | Became a worshipper of Warmaster Okawaru
   535 | D:2      | Reached * piety under Okawaru
   891 | D:2      | Found a bloodstained altar of Trog.
  1157 | D:2      | Reached XP level 4. HP: 37/37 MP: 4/4
  1622 | D:3      | Found a sacrificial altar of Ru.
  1855 | D:3      | Found a broken altar of Ashenzari.
  1893 | D:3      | Noticed Grinder
  1911 | D:3      | Killed Grinder
  1911 | D:3      | Reached ** piety under Okawaru
  1912 | D:3      | Reached skill level 5 in Fighting
  1912 | D:3      | Reached skill level 5 in Axes
  1912 | D:3      | Reached XP level 5. HP: 21/44 MP: 5/5
  1912 | D:3      | Reached XP level 6. HP: 24/51 MP: 6/6
  2390 | D:4      | Found a shimmering altar of Xom.
  2415 | D:4      | Reached XP level 7. HP: 48/56 MP: 7/7
  2480 | D:4      | Found a sparkling altar of Nemelex Xobeh.
  2646 | D:4      | Found a faded altar of an unknown god.
  2646 | D:4      | Found a faded altar of an unknown god.
  2648 | D:4      | Found a hazy altar of Hepliaklqana.
  2888 | D:5      | Entered Level 5 of the Dungeon
  3347 | D:5      | Noticed a water moccasin
  3366 | D:5      | Killed a water moccasin
  3367 | D:5      | Reached XP level 8. HP: 12/64 MP: 6/8
  3375 | D:5      | HP: 3/64 [poisoned by a water moccasin]
  4046 | D:6      | Reached *** piety under Okawaru
  4527 | D:6      | Reached skill level 5 in Shields
  4670 | D:6      | Found an ornate altar of the Wu Jian Council.
  4816 | D:6      | Reached skill level 5 in Armour
  4947 | D:6      | Found Jitups's Book Boutique.
  4972 | D:6      | Reached XP level 9. HP: 71/71 MP: 9/9
  5202 | D:7      | Reached **** piety under Okawaru
  5203 | D:7      | Reached skill level 2 in Invocations
  5304 | D:7      | Found an iron altar of Okawaru.
  5375 | D:7      | Found a staircase to the Ecumenical Temple.
  5612 | D:7      | Found a flagged portal.
  5631 | Bailey   | Entered a bailey
  5674 | Bailey   | Reached skill level 3 in Invocations
  5686 | Bailey   | Reached skill level 4 in Invocations
  5831 | Bailey   | Identified the +2 troll leather armour of Vewnepp {Regen+
                  | Int+4}
  6033 | Bailey   | Reached skill level 5 in Invocations
  6560 | D:7      | Received a gift from Okawaru
  6590 | D:7      | Reached skill level 6 in Invocations
  6941 | D:7      | Identified the +3 leather armour "Enihuom" {rCorr}
  7091 | D:7      | Found a radiant altar of Vehumet.
  7141 | D:8      | Reached skill level 7 in Invocations
  7160 | D:8      | Reached XP level 10. HP: 48/77 MP: 15/15
  7561 | D:8      | Reached skill level 8 in Invocations
  7670 | D:8      | Reached skill level 9 in Invocations
  7762 | D:8      | Reached ***** piety under Okawaru
  7766 | D:8      | Received a gift from Okawaru
  7837 | D:8      | Noticed Prince Ribbit
  7854 | D:8      | Killed Prince Ribbit
  8000 | D:8      | Reached skill level 10 in Invocations
  8384 | D:8      | Found a runed translucent gate.
  8384 | D:8      | Found a runed translucent gate.
  8384 | D:8      | Found a runed translucent gate.
  8384 | D:8      | Noticed turdburglar's ghost (novice DrIE)
  8752 | D:9      | Reached skill level 10 in Shields
  8767 | D:9      | Found a shimmering blue altar of Sif Muna.
  9090 | D:9      | Found a staircase to the Orcish Mines.
  9120 | D:9      | Reached skill level 11 in Invocations
  9209 | D:9      | Noticed Erica
  9225 | D:9      | Killed Erica
  9226 | D:9      | Reached XP level 11. HP: 47/83 MP: 19/19
  9868 | D:9      | Reached skill level 12 in Invocations
  9873 | D:9      | Noticed a two-headed ogre
  9894 | D:9      | Killed a two-headed ogre
  9896 | D:9      | Identified the scarf of the Hall of Blades {+Inv, Stlth+}
                  | (Okawaru gifted it to you on level 9 of the Dungeon)
  9896 | D:9      | Received a gift from Okawaru
 10402 | D:10     | Entered Level 10 of the Dungeon
 10427 | D:10     | Found a shadowy altar of Dithmenos.
 11157 | D:10     | Noticed a manticore
 11158 | D:10     | Noticed a catoblepas
 11203 | D:10     | Killed a catoblepas
 11209 | D:10     | Killed a manticore
 12473 | D:10     | Reached XP level 12. HP: 61/93 MP: 21/21
 12754 | D:10     | Found a staircase to the Lair.
 13318 | D:11     | Noticed a two-headed ogre
 13324 | D:11     | Killed a two-headed ogre
 13802 | D:11     | Noticed a two-headed ogre
 13817 | D:11     | Killed a two-headed ogre
 13817 | D:11     | Received a gift from Okawaru
 13818 | D:11     | Reached skill level 10 in Armour
 14051 | D:11     | Reached skill level 10 in Fighting
 14685 | D:12     | Noticed a two-headed ogre
 14702 | D:12     | Killed a two-headed ogre
 14913 | D:12     | Found Hioni's Magic Scroll Emporium.
 15196 | D:12     | Found Piler's Distillery.
 15287 | D:12     | Bought a potion of heal wounds for 50 gold pieces
 15287 | D:12     | Bought 2 potions of curing for 60 gold pieces
 15287 | D:12     | Bought a potion of heal wounds for 50 gold pieces
 15798 | D:12     | Found a portal to a secret trove of treasure.
 15823 | D:12     | Found Wuwodi's Assorted Antiques.
 16206 | D:12     | Received a gift from Okawaru
 16211 | D:12     | Reached XP level 13. HP: 100/104 MP: 22/22
 16312 | D:12     | Found Suyg's Weapon Shop.
 16446 | D:12     | Found a shimmering blue altar of Sif Muna.
 16620 | D:13     | Reached skill level 10 in Axes
 16638 | D:13     | Noticed a seven-headed hydra
 16662 | D:13     | HP: 1/104 [seven-headed hydra (8)]
 16664 | D:13     | Slain by a seven-headed hydra

Illustrated notes

Levels and vault maps discovered:
D:1:      tarquinn_simple_flora_water_b, layout_rooms
D:2:      layout_basic, dreamdust_ecumenical_altar_grove, basic_altar
D:3:      layout_loops_ring, mainiacjoe_overflow_alcove_4,
          mainiacjoe_overflow_brackets, uniq_grinder
D:4:      layout_cave_pools, nicolae_hepliaklqana_ecumenical_no_more,
          mainiacjoe_overflow_chevrons, nemelex_dance_club_becter
D:5:      layout_loops_ring
D:6:      layout_basic, lemuel_crystal_altar, serial_shops,
          nicolae_book_shop_shelving
D:7:      layout_basic, general_overflow_altar,
          mainiacjoe_overflow_small_starburst, minmay_temple_entry_butterflies,
          enter_bailey_2, minmay_puff
D:8:      layout_gridville, serial_ice, serial_ice_i, serial_ice_d,
          serial_ice_c, serial_ice_b, serial_ice_a, serial_ice_o, serial_ice_m,
          serial_ice_n, gammafunk_ghost_nasty_kobolds, uniq_prince_ribbit1
D:9:      nicolae_moon_pools, layout_loops_cross, mainiacjoe_overflow_paths,
          orc_david_3, amcnicky_mini_rare_corridor_liquid, uniq_erica
D:10:     nzn_motion_control, layout_irregular_city,
          nicolae_dithmenos_the_darkroom, erik_lair_dragon
D:11:     layout_loops_ring
D:12:     layout_stronghold, serial_shops, shop, nicolae_shop_peninsula,
          nicolae_shop_mannequins, shop_fountains, nicolae_trove_entry_diagonal,
          nicolae_sif_muna_little_library
D:13:     layout_irregular_city, david_vaults_4

Skill      XL: |  1  2  3  4  5  6  7  8  9 10 11 12 13 |
---------------+----------------------------------------+-----
Axes           | 3 5 7 9 10 | 10.1
Fighting       | 5 6 8 10 | 10.3
Armour         | 5 8 10 | 10.7
Shields        | 5 8 10 11 | 11.3
Invocations    | 7 11 12 | 12.5

Action                     |  1- 3 |  4- 6 |  7- 9 | 10-12 | 13-15 || total
---------------------------+-------+-------+-------+-------+-------++-------
  Melee: War axe           |    82 |    89 |   342 |   745 |    36 ||  1294
         Morningstar       |       |       |       |       |    10 ||    10
 Invoke: Heroism           |       |       |     2 |     5 |     1 ||     8
         Finesse           |       |       |       |     1 |       ||     1
Ability: Dig               |       |       |       |     1 |       ||     1
    Use: Scroll            |     2 |     6 |    16 |     3 |       ||    27
         Potion            |       |       |     4 |     2 |     4 ||    10
 Armour: Scale mail        |     2 |       |       |       |       ||     2
         Chain mail        |    53 |    54 |   198 |   223 |       ||   528
         Plate armour      |       |       |       |   461 |    82 ||   543
  Dodge: Dodged            |    39 |    42 |   146 |   372 |    65 ||   664
  Block: Buckler           |    18 |    31 |   116 |   385 |    46 ||   596
